 Dungeon Crawl Stone Soup version 0.30-a0-613-gdd512c7efb (webtiles) character file.

Game seed: 10568265148922440722

6011 wormed the Carver (level 10, -1/83 HPs)
             Began as a Demigod Gladiator on Jan 8, 2023.
             Killed by vampiric draining
             ... invoked by a vampire
              (15 damage)
             ... on level 10 of the Dungeon.
             The game lasted 00:10:21 (7853 turns).

wormed the Carver (Demigod Gladiator)               Turns: 7853, Time: 00:10:21

Health: -1/83      AC:  6    Str: 15    XL:     10   Next: 31%
Magic:  13/13      EV: 18    Int: 10    God:
Gold:   316        SH:  8    Dex: 33    Spells: 9/9 levels left

rFire   x . .      SeeInvis .    a - +1 long sword
rCold   . . .      Faith    .    p - +0 buckler
rNeg    . . .      Spirit   .    b - +1 leather armour {rPois}
rPois   +          Reflect  .    c - +1 helmet
rElec   .          Harm     .    (no cloak)
rCorr   .          Rampage  .    (no gloves)
Will    ++...                    (no boots)
Stlth   ++                       f - amulet "Osair" {Acrobat rF- Dex+6 Slay+5}
HPRegen 0.33/turn                r - ring of willpower
MPRegen 0.13/turn                (no ring)

@: no status effects
A: high MP 1, forlorn, divine attributes
a: no special abilities


You were on level 10 of the Dungeon.
You visited 1 branch of the dungeon, and saw 10 of its levels.

You collected 486 gold pieces.
You spent 170 gold pieces at shops.

Inventory:

Hand Weapons
 a - a +1 long sword (weapon)
Missiles
 e - a javelin (quivered)
Armour
 b - a +1 leather armour of poison resistance (worn)
 c - a +1 helmet (worn)
 p - a +0 buckler (worn)
Jewellery
 d - a ring of positive energy
 f - the amulet "Osair" (around neck) {Acrobat rF- Dex+6 Slay+5}
   (You acquired it on level 2 of the Dungeon)

   [amulet of the acrobat]

   It increases your evasion while moving and waiting.
   Dex:       It affects your dexterity (+6).
   Slay:      It affects your accuracy & damage with ranged weapons and melee
   (+5).
   rF:        It makes you vulnerable to fire.
 r - a ring of willpower (left hand)
 t - a +6 ring of intelligence
 w - an amulet of regeneration
 A - a ring of ice
Wands
 o - a wand of mindburst (12)
 y - a wand of flame (20)
 C - a wand of polymorph (6)
Scrolls
 l - a scroll of blinking
 m - 6 scrolls of teleportation
 n - 2 scrolls of enchant weapon
 u - a scroll of amnesia
 B - a scroll of enchant armour
 D - a scroll of brand weapon {unknown}
Potions
 g - 3 potions of resistance
 h - a potion of lignification
 i - a potion of cancellation
 j - 4 potions of heal wounds
 k - 2 potions of curing
 q - a potion of mutation {unknown}
 s - 2 potions of flight {unknown}
 v - a potion of invisibility {unknown}
 x - 2 potions of brilliance
 z - a potion of might


   Skills:
 + Level 6.2 Fighting
 * Level 9.0 Long Blades
 + Level 6.3 Throwing
 + Level 6.5 Dodging
 + Level 5.7 Shields


You had 9 spell levels left.
You didn't know any spells.
Your spell library contained the following spells:

 Spells                   Type           Power      Damage    Failure   Level
 Freeze                   Ice            0%         1d3       52%         1
 Cigotuvi's Dreadful Rot  Necr/Pois/Air  0%         N/A       67%         2
 Frozen Ramparts          Ice            0%         1d1       88%         3
 Hailstorm                Conj/Ice       0%         3d3       88%         3
 Dispel Undead            Necr           0%         3d6       99%         4
 Death Channel            Necr           0%         N/A       100%        6


Dungeon Overview and Level Annotations

Branches:
Dungeon (10/15)            Temple (0/1) D:7            Lair (0/5) D:9
    Orc (0/2) D:9

Shops:
D:1 (   D:4 [   D:8 :


Innate Abilities, Weirdness & Mutations

You have an increased reservoir of magic. (+10% MP)
You shall have no god before yourself.
Your divine heritage dramatically boosts your attributes as you level up.


Message History

The vampire draws life force from you!
The vampire is healed by the life force!
You barely miss the vampire.
The vampire is moderately damaged.
You block the howler monkey zombie's attack.
The vampire gestures wildly while chanting.
The vampire flickers and vanishes!
Deactivating autopickup; reactivate with Ctrl-A.
You closely miss something.
The howler monkey zombie barely misses you.
Something barely misses you. Something bites you.
Something draws strength from your injuries!
You barely miss something. The howler monkey zombie misses you.
Something hits you! Something bites you.
Something draws strength from your injuries!
You barely miss something.
You block the howler monkey zombie's attack.
Something hits you but does no damage. Something completely misses you.
You barely miss something. The howler monkey zombie hits you.
Something hits you but does no damage. Something bites you!
Something draws strength from your injuries!
You hit something. The howler monkey zombie hits you. Something hits you.
You block something's attack.
You slash something! The howler monkey zombie misses you.
Something hits you but does no damage. Something bites you.
Something draws strength from your injuries!
You slash the howler monkey zombie!
The howler monkey zombie is heavily damaged.
The howler monkey zombie hits you but does no damage.
Something hits you!
* * * LOW HITPOINT WARNING * * *
Something closely misses you.
You hit something but do no damage.
You block the howler monkey zombie's attack.
Something hits you!
* * * LOW HITPOINT WARNING * * *
Something bites you but does no damage.
You hit something. The howler monkey zombie misses you.
Something draws life force from you!
You die...

+...# ##....
#..... ....#
.#..... .....#
....... #.....#
....... +.....#
##....{####.....#
...^..Z@.......#
...........)...#
.....).........#
...............#
##.............+
#.............#
#######......##
#......# #......#


You could see a howler monkey zombie.

Vanquished Creatures
  A two-headed ogre (D:9)
  A manticore (D:9)
  Joseph (D:8)
  A komodo dragon (D:8)
  A hornet (D:7)
  Prince Ribbit (D:6)
  2 wraiths
  3 wyverns
  3 water moccasins (D:6)
  Duvessa (D:6)
  3 sky beasts
  5 orc warriors
  An ice beast (D:6)
  2 ogres (D:4)
  A centaur (D:6)
  2 phantoms (D:5)
  2 kobold brigands
  Blork the orc (D:5)
  A gnoll sergeant (D:8)
  3 scorpions
  A necrophage (D:7)
  4 wights (D:7)
  Dowan (D:6)
  2 howler monkeys (D:8)
  3 hounds
  5 orc priests
  4 iguanas
  Terence (D:3)
  13 orc wizards
  4 adders
  6 gnolls
  29 orcs
  5 endoplasms
  4 giant cockroaches
  7 goblins
  6 hobgoblins
  4 jackals (D:4)
  15 kobolds
  4 quokkas
  9 ball pythons
  5 bats
  3 frilled lizards
  7 rats
178 creatures vanquished.

Notes
Turn   | Place    | Note
-------+----------+-------------------------------------------
     0 | D:1      | wormed the Demigod Gladiator began the quest for the Orb.
     0 | D:1      | Reached XP level 1. HP: 17/17 MP: 3/3
   128 | D:1      | Reached XP level 2. HP: 24/24 MP: 4/4
   184 | D:1      | Reached skill level 3 in Long Blades
   328 | D:1      | Found Nyeps's Weapon Emporium.
   745 | D:2      | Reached XP level 3. HP: 29/29 MP: 5/5
  1406 | D:2      | Identified a scroll of acquirement
  1406 | D:2      | Acquired the amulet "Osair" {Acrobat rF- Dex+6 Slay+5}
  1452 | D:3      | Reached skill level 1 in Shields
  1527 | D:3      | Noticed Terence
  1533 | D:3      | Killed Terence
  1534 | D:3      | Reached XP level 4. HP: 36/36 MP: 6/6
  1542 | D:3      | Identified the +7 hand axe "Xafofeih" {flame, rN+++ rCorr
                  | Dex-5}
  2007 | D:4      | Reached XP level 5. HP: 32/42 MP: 7/7
  2057 | D:4      | Reached skill level 4 in Long Blades
  2219 | D:4      | Found Tonop's Armour Emporium.
  2231 | D:4      | Bought a +0 buckler for 49 gold pieces
  2249 | D:4      | Noticed an ogre
  2250 | D:4      | Noticed an ogre
  2251 | D:4      | Found the +6 shillelagh "Devastator" {shatter}
  2258 | D:4      | Killed an ogre
  2259 | D:4      | Reached XP level 6. HP: 50/50 MP: 8/8
  2670 | D:4      | Bought a +1 leather armour of poison resistance for 121
                  | gold pieces
  2699 | D:5      | Entered Level 5 of the Dungeon
  2802 | D:5      | Noticed Blork the orc
  2810 | D:5      | Killed Blork the orc
  2811 | D:5      | Reached XP level 7. HP: 43/57 MP: 9/9
  2907 | D:5      | Reached skill level 5 in Long Blades
  3622 | D:6      | Reached XP level 8. HP: 60/66 MP: 10/10
  3871 | D:6      | Reached skill level 6 in Long Blades
  3941 | D:6      | Noticed Dowan
  3943 | D:6      | Noticed Duvessa
  3964 | D:6      | Killed Duvessa
  3970 | D:6      | Killed Dowan
  4332 | D:6      | Reached skill level 5 in Dodging
  4335 | D:6      | Noticed Prince Ribbit
  4357 | D:6      | Killed Prince Ribbit
  4649 | D:7      | Reached skill level 7 in Long Blades
  4666 | D:7      | Reached skill level 5 in Throwing
  4666 | D:7      | Reached XP level 9. HP: 58/73 MP: 11/11
  4770 | D:7      | Reached skill level 5 in Fighting
  5114 | D:7      | Found a staircase to the Ecumenical Temple.
  5369 | D:8      | Noticed Joseph
  5523 | D:8      | Reached skill level 8 in Long Blades
  5523 | D:8      | Reached skill level 5 in Shields
  5621 | D:8      | Noticed a komodo dragon
  5623 | D:8      | Found Vaomis Ilimp's Vocational Training.
  5631 | D:8      | Killed a komodo dragon
  5920 | D:8      | Killed Joseph
  6504 | D:9      | Found a staircase to the Lair.
  6518 | D:9      | Noticed a two-headed ogre
  6527 | D:9      | Killed a two-headed ogre
  6528 | D:9      | Reached XP level 10. HP: 7/83 MP: 13/13
  6944 | D:9      | Noticed a manticore
  6955 | D:9      | Killed a manticore
  7267 | D:9      | Found a staircase to the Orcish Mines.
  7758 | D:10     | Entered Level 10 of the Dungeon
  7771 | D:10     | Reached skill level 9 in Long Blades
  7853 | D:10     | Killed from afar by a vampire

Illustrated notes

Levels and vault maps discovered:
D:1:      onia_arrival_handbag, layout_loops_cross, serial_shops,
          nicolae_shop_bloodbath_and_beyond
D:2:      layout_basic, chequers_serial_rivers_micro_d
D:3:      layout_rooms, minmay_misc_feat_pillars, minmay_misc_feat_nine_boxes,
          minmay_close_crescents, uniq_terence
D:4:      layout_loops_ring, serial_shops, nicolae_diamond_shop,
          dilly_guarded_unrand_devastator
D:5:      layout_loops_ring, chequers_temple_overflow_minitemple,
          uniq_blork_the_orc
D:6:      layout_basic, nicolae_kikubaaqudgha_miasma_corner, uniq_duvessa,
          uniq_prince_ribbit1
D:7:      layout_gridville, elyvilon_altar_1, minmay_temple_entry_proselytizer
D:8:      layout_rooms, grunt_temple_overflow_open, nicolae_shop_vocational,
          uniq_joseph
D:9:      layout_stronghold, dpeg_oklobed_lair, minivault_21,
          minmay_statues_item, hangedman_abyss_or_decor_slice,
          minmay_misc_feat_four_crosses
D:10:     layout_gridville, nicolae_overflow_hidden_temple, serial_undead,
          serial_undead_c, serial_undead_a, serial_undead_d, serial_undead_d,
          disabler_island

Skill      XL: |  1  2  3  4  5  6  7  8  9 10 |
---------------+-------------------------------+-----
Fighting       | 2 3 4 5 6 |  6.2
Long Blades    | 3 4 5 7 8 9 |  9.0
Throwing       | 2 3 4 5 6 |  6.3
Dodging        | 3 4 5 6 |  6.5
Shields        | 1 2 3 4 5 |  5.7

Action                   |  1- 3 |  4- 6 |  7- 9 | 10-12 || total
-------------------------+-------+-------+-------+-------++-------
Melee: Long sword        |   108 |    90 |   302 |    75 ||   575
       Punch             |     2 |     2 |       |       ||     4
Throw: Throwing net      |       |     2 |     1 |       ||     3
       Javelin           |       |       |     1 |     1 ||     2
  Use: Scroll            |     5 |     7 |     2 |       ||    14
 Stab: Sleeping          |     4 |     2 |     6 |       ||    12
       Distracted        |       |     1 |       |       ||     1
       Held in net/web   |       |     2 |     1 |       ||     3
Armor: Leather armour    |    30 |     3 |    45 |     8 ||    86
       Ring mail         |       |    15 |       |       ||    15
Dodge: Dodged            |    65 |    47 |   179 |    62 ||   353
Block: Buckler           |       |     6 |   105 |    30 ||   141

Table legend: (Time is in decaauts)
 A = Elapsed time spent in this place.
 B = Non-inter-level travel time spent in this place.
 C = Inter-level travel time spent in this place.
 D = Time resting spent in this place.
 E = Time spent auto-exploring this place.
 F = Levels seen in this place.
 G = Mean time per level.
                   A        B        C        D        E       F      G
               +--------+--------+--------+--------+--------+-----+--------+
         Total |   7932 |   7692 |    240 |      0 |   6282 |  10 |  793.2 |
       Dungeon |   7932 |   7692 |    240 |      0 |   6282 |  10 |  793.2 |
               +--------+--------+--------+--------+--------+-----+--------+

Top non-repeatable levels by time:
     D:9: 1259 daAuts
     D:8: 1116 daAuts
     D:6: 1052 daAuts
     D:5: 867 daAuts
     D:7: 792 daAuts
     D:4: 747 daAuts
     D:2: 747 daAuts
     D:1: 712 daAuts
     D:3: 536 daAuts
    D:10: 101 daAuts
